 Dungeon Crawl Stone Soup version 0.14-a0-226-gcf818b1 (webtiles) character file.

277 Duskembrace the Ducker (level 5, -3/37 HPs)
             Began as a Merfolk Transmuter on Oct 10, 2013.
             Slain by an orc
             ... wielding a cursed +0,+0 orcish short sword
              (6 damage)
             ... on Level 2 of the Dungeon.
             The game lasted 00:12:17 (2929 turns).

Duskembrace the Ducker (Merfolk Transmuter)         Turns: 2929, Time: 00:12:18

HP  -3/37        AC  2     Str 11      XL: 5   Next: 70%
MP   1/8         EV 24     Int 13      God:
Gold 86          SH  0     Dex 19      Spells:  2 memorised,  5 levels left

Res.Fire  : . . .   See Invis. : .     - Unarmed
Res.Cold  : . . .   Warding    : .   c - melded +0 robe
Life Prot.: . . .   Conserve   : .   (shield currently unavailable)
Res.Poison: x       Res.Corr.  : .   (helmet currently unavailable)
Res.Elec. : .       Clarity    : .   (cloak currently unavailable)
Sust.Abil.: . .     Spirit.Shd : .   (gloves currently unavailable)
Res.Mut.  : .       Stasis     : .   (boots currently unavailable)
Res.Rott. : .       Flight     : .   (no amulet)
Saprovore : . . .                    (no ring)
                                     (no ring)

@: spider-form (expiring), very slightly contaminated, quick, slightly resistant
to hostile enchantments, fairly stealthy
A: (change form in water), (swift swim)
a: End Transformation


You were on level 2 of the Dungeon.
You were not hungry.
You were in spider-form.
You visited 1 branch of the dungeon, and saw 3 of its levels.

You collected 66 gold pieces.

Inventory:

Missiles
 b - 12 arrows
Armour
 c - a +0 robe (melded)
Comestibles
 a - 4 bread rations
 m - 2 pears
 o - a rotting chunk of bat flesh
Scrolls
 e - a scroll of enchant armour {unknown}
 f - a scroll of noise {unknown}
 h - 2 scrolls of identify {unknown}
 i - a scroll of blinking {unknown}
 k - 3 scrolls of curse armour {unknown}
 s - a scroll of curse weapon {unknown}
 u - a scroll of remove curse {unknown}
Jewellery
 n - an uncursed amulet of warding {unknown}
Potions
 g - a potion of might {unknown}
 j - a potion of speed {unknown}
 l - 2 potions of slowing {unknown}
 p - a potion of berserk rage {unknown}
 q - a potion of heal wounds {unknown}
 r - 2 potions of poison {unknown}
Books
 d - a book of Changes

   Spells                             Type                      Level
   *Beastly Appendage                 Transmutation                1
   Sticks to Snakes                   Transmutation                2
   *Spider Form                       Transmutation/Poison         3
   Ice Form                           Ice/Transmutation            4
   Blade Hands                        Transmutation                5


   Skills:
 + Level 1.4 Fighting
 + Level 5.0 Dodging
 + Level 0.2 Stealth
 + Level 4.1 Unarmed Combat
 + Level 2.8 Spellcasting
 * Level 4.1 Transmutations
 + Level 0.2 Poison Magic


You had 5 spell levels left.
You knew the following spells:

 Your Spells              Type           Power        Failure   Level  Hunger
a - Beastly Appendage     Trmt           ##....       17%         1    #......
b - Spider Form           Trmt/Pois      #.........   56%         3    ####...


Dungeon Overview and Level Annotations

Branches:
Dungeon (3/27)

Altars:


Message History

You don't know that spell.
You hit the rat.
You kill the rat!
There is an open door here.
Casting: Spider Form
Confirm with . or Enter, or press ? or * to list all spells.
You turn into a venomous arachnid creature.
Your +0 robe melds into your body.
The orc completely misses you.
The orc hits you with an orcish short sword.
* * * LOW HITPOINT WARNING * * *
Your transformation is almost over.
The orc closely misses you.
There is a stone staircase leading up here.
The ball python completely misses you.
You climb upwards.
You smell something rotten. (slot o)
There is a stone staircase leading down here.
You closely miss the orc.
The orc hits you with an orcish short sword.
You die...

#........#
#.###......'
#........# # #......#
#........# .#
#......#
#........##.#
#......#
#...........#
#....[.#
#........####
######## #........#
#######.## ###.s.####
#<...o...# #........#
#........############
#........'...........
#........###########.
#........# ##
#........# ##########


You could see an orc.

Vanquished Creatures
  4 orc wizards (D:3)
  An adder (D:3)
  An inept feature mimic (D:3)
  A giant gecko (D:2)
  2 oozes (D:1)
  8 orcs (D:3)
  4 giant cockroaches
  5 hobgoblins
  4 jackals (D:2)
  8 kobolds
  A quokka (D:2)
  9 bats
  4 giant newts
  4 goblins
  9 rats
65 creatures vanquished.

Notes
Turn   | Place    | Note
--------------------------------------------------------------
     0 | D:1      | Duskembrace, the Merfolk Transmuter, began the quest for the Orb.
     0 | D:1      | Reached XP level 1. HP: 15/15 MP: 1/1
   209 | D:1      | Reached XP level 2. HP: 15/21 MP: 0/3
  1031 | D:2      | Reached XP level 3. HP: 21/26 MP: 2/4
  1051 | D:2      | Learned a level 3 spell: Spider Form
  1915 | D:3      | Reached skill level 4 in Dodging
  1915 | D:3      | Reached XP level 4. HP: 32/32 MP: 1/6
  1932 | D:3      | HP: 1/32 [orc (5)]
  2255 | D:3      | Reached XP level 5. HP: 35/37 MP: 1/8
  2701 | D:3      | Reached skill level 5 in Dodging
  2929 | D:2      | Slain by an orc

Action                   |  1- 3 |  4- 6 || total
-------------------------+-------+-------++-------
Melee: Unarmed           |   143 |    72 ||   215
 Cast: Beastly Appendage |    30 |     6 ||    36
       Spider Form       |     2 |     4 ||     6
  Use: Potion            |       |     1 ||     1
